Map: Cyber Forest LE

Players

Throwfordays - Winner!

  • Race: Protoss Protoss
  • League: Bronze
  • Spawn Location: 11:00

SOMARS

  • Race: Protoss Protoss
  • Spawn Location: 5:00

VOD

Have the link to the VOD?

Description

Time

  • Played on: Jan. 23, 2019, 9:15 p.m.
  • Length: 1:27
Show
View Real Time Build Order
Export as new Build Order

Throwfordays Protoss - Winner!

Build Orders:  

Get SALT Encoding   

  12  0:00  Probe  
  13  0:12  Probe  
  14  0:20  Pylon  
  14  0:24  Probe  
  15  0:29  Assimilator  
  15  0:41  Gateway  
  15  0:44  Probe  
  16  0:56  Probe  
Show
View Real Time Build Order
Export as new Build Order

SOMARS Protoss 

Build Orders:  

Get SALT Encoding   

  12  0:06  Probe  
  13  0:23  Pylon, Probe  
  14  0:35  Probe  
  15  0:45  Forge  
  15  0:53  Pylon  
  15  1:01  Probe  
  16  1:07  Assimilator  
  15  1:13  Probe  
Tags
 
League
Bronze
Matchup
PvP
Replay Pack
Multiplayer
Spawn Locations
Cross Positions
Add a new tag
Caveats
  • Supply blocks, unpowered buildings, or Contaminate may cause inaccurate times.
  • Supply counts are checked every 10 seconds.